 Dungeon Crawl Stone Soup version 0.26-a0-835-g8259106e14 (webtiles) character file.

Game seed: 3376233178533675609

627 strifetoe the Cleaver (level 7, -2/57 HPs)
             Began as a Minotaur Monk on Nov 18, 2020.
             Slain by a scorpion (6 damage)
             ... on level 4 of the Dungeon.
             The game lasted 00:03:36 (4639 turns).

strifetoe the Cleaver (Minotaur Monk)               Turns: 4639, Time: 00:03:37

Health: -2/57      AC:  6    Str: 18    XL:     7   Next: 23%
Magic:  6/6        EV: 11    Int:  9    God:
Gold:   200        SH:  0    Dex: 14    Spells: 6/6 levels left

rFire    . . .     SeeInvis .   a - +0 hand axe
rCold    . . .     Faith    .   (no shield)
rNeg     . . .     Spirit   .   t - +0 scale mail
rPois    .         Reflect  .   (helmet restricted)
rElec    .         Harm     .   (no cloak)
rCorr    .         Rampage  .   (no gloves)
MR       .....                  (no boots)
Stlth    ..........             (no amulet)
HPRegen  0.19/turn              (no ring)
MPRegen  0.10/turn              (no ring)

@: lethally poisoned (-2 -> -6)
A: retaliatory headbutt, horns 2, agile 1, clever 1, mutation resistance 1
a: no special abilities


You were on level 4 of the Dungeon.
You visited 2 branches of the dungeon, and saw 5 of its levels.

You collected 200 gold pieces.

Inventory:

Hand Weapons
 a - a +0 hand axe (weapon)
Armour
 b - a +0 robe
 j - a +0 ring mail
 t - a +0 scale mail (worn)
Jewellery
 i - an uncursed ring of stealth {unknown}
 r - a +4 ring of protection
 w - an uncursed ring of poison resistance {unknown}
Wands
 u - a wand of random effects (13)
Scrolls
 d - a scroll of amnesia {unknown}
 e - 2 scrolls of fog {unknown}
 f - 6 scrolls of identify {unknown}
 g - 2 scrolls of remove curse {unknown}
 l - 3 scrolls of immolation
 m - 2 scrolls of teleportation {unknown}
 p - a scroll of enchant armour {unknown}
 s - a scroll of enchant weapon {unknown}
 v - a scroll of blinking {unknown}
Potions
 k - a potion of haste
 n - a potion of resistance {unknown}
 o - a potion of flight {unknown}
 q - a potion of brilliance {unknown}


   Skills:
 - Level 3.6 Fighting
 + Level 10.1 Axes
 - Level 3.2 Dodging
 - Level 1.5 Stealth


You had 6 spell levels left.
You didn't know any spells.
Your spell library contained the following spells:

 Spells                   Type           Power        Failure   Level
 Magic Dart               Conj           #...         80%         1
 Blink                    Tloc           N/A          91%         2
 Call Imp                 Summ           #.......     91%         2
 Slow                     Hex            #.......     91%         2
 Conjure Flame            Conj/Fire      #.......     99%         3
 Mephitic Cloud           Conj/Pois/Air  #.......     99%         3


Dungeon Overview and Level Annotations

Branches:
Dungeon (4/15)             Temple (1/1) D:4

Altars:
Cheibriados
Elyvilon
Fedhas
Gozag
Makhleb
Nemelex Xobeh
Qazlal
Sif Muna
Uskayaw
Wu Jian
Xom
Yredelemnul
Zin
The Shining One

Annotations:
D:3 1 runed translucent door, whatsthevibe's ghost, amateur DgCj


Innate Abilities, Weirdness & Mutations

You reflexively headbutt those who attack you in melee.
You have a pair of horns on your head.
You are agile. (Dex +2)
Your mind is acute. (Int +2)
You are somewhat resistant to further mutation.


Message History

Unknown command.
Okay, then.
You completely miss the scorpion. You headbutt the scorpion.
The scorpion is moderately wounded.
You feel sick.
You closely miss the scorpion.
The scorpion is moderately wounded.
The scorpion barely misses you.
You barely miss the scorpion. You headbutt the scorpion!
The scorpion is severely wounded.
You feel sick. The scorpion stings you.
* * * LOW HITPOINT WARNING * * *
Unknown command.
It was a potion of magic.
Magic courses through your body.
You feel sick. The scorpion stings you!
* * * LOW HITPOINT WARNING * * *
It was a potion of mutation.
You feel extremely strange.
You feel agile.
You feel clever.
You feel genetically stable. The scorpion stings you.
You die...

#####....##.###
#...........#..
#...........+.# # #
#...........#.#.#.#
#####.......#.#...###
########..†.....#
#..###.#. #$##s)#
#....@#
#.....#.o......
#####.#.#.#####
#....... ##### #.# .#
#


You could see a scorpion and an orc.

Vanquished Creatures
  A phantom (D:4)
  An ogre (D:4)
  2 scorpions (D:4)
  A bullfrog skeleton (D:2)
  A hound (D:4)
  2 orc priests (D:4)
  Terence (D:2)
  Natasha (thrice) (D:3)
  3 gnolls (D:2)
  An adder (D:2)
  5 worms
  3 dart slugs (D:1)
  3 leopard geckos
  4 orcs
  2 ball pythons
  5 bats
  4 giant cockroaches
  10 goblins
  4 hobgoblins
  10 kobolds
  A quokka (D:4)
  11 frilled lizards
  A quokka zombie (D:4)
  9 rats
88 creatures vanquished.

Notes
Turn   | Place    | Note
-------+----------+-------------------------------------------
     0 | D:1      | strifetoe the Minotaur Monk began the quest for the Orb.
     0 | D:1      | Reached XP level 1. HP: 19/19 MP: 0/0
    23 | D:1      | Reached skill level 4 in Axes
   347 | D:1      | Reached XP level 2. HP: 16/26 MP: 1/1
  1139 | D:1      | Reached skill level 5 in Axes
  1239 | D:1      | Reached XP level 3. HP: 31/31 MP: 2/2
  1704 | D:2      | Reached XP level 4. HP: 39/39 MP: 3/3
  1709 | D:2      | Reached skill level 6 in Axes
  1725 | D:2      | Noticed Terence
  1735 | D:2      | Killed Terence
  2127 | D:2      | Reached skill level 7 in Axes
  2127 | D:2      | Reached XP level 5. HP: 45/45 MP: 4/4
  2179 | D:2      | Found a hide-covered altar of Uskayaw.
  2505 | D:3      | Found a runed translucent door.
  2506 | D:3      | Noticed whatsthevibe's ghost (amateur DgCj)
  2506 | D:3      | Noticed an ogre
  2712 | D:3      | Found a shimmering altar of Xom.
  2744 | D:3      | Found a basalt altar of Yredelemnul.
  2744 | D:3      | Found a glowing silver altar of Zin.
  2778 | D:3      | Noticed Natasha
  2791 | D:3      | Killed Natasha
  3086 | D:3      | Noticed Natasha
  3095 | D:3      | Killed Natasha
  3237 | D:3      | Noticed Natasha
  3247 | D:3      | Killed Natasha
  3248 | D:3      | Reached skill level 8 in Axes
  3566 | D:4      | Found a staircase to the Ecumenical Temple.
  3571 | D:4      | Reached XP level 6. HP: 49/51 MP: 5/5
  3582 | Temple   | Entered the Ecumenical Temple
  3792 | D:4      | Found a glowing golden altar of the Shining One.
  4044 | D:4      | Reached skill level 9 in Axes
  4549 | D:4      | Reached XP level 7. HP: 50/57 MP: 6/6
  4633 | D:4      | Reached skill level 10 in Axes
  4639 | D:4      | Gained mutation: You are agile. (Dex +2) [potion of
                  | mutation]
  4639 | D:4      | Gained mutation: Your mind is acute. (Int +2) [potion of
                  | mutation]
  4639 | D:4      | Gained mutation: You are somewhat resistant to further
                  | mutation. [potion of mutation]
  4639 | D:4      | Slain by a scorpion

Illustrated notes

Levels and vault maps discovered:
D:1:      heliophobic_arrival_ceremonial_halls, layout_basic
D:2:      layout_rooms, eat_drink_and_be_merry_uskayaw, uniq_terence
D:3:      layout_basic, grunt_temple_overflow_open, ebering_ghost_inner_flame,
          uniq_natasha
D:4:      layout_basic, tso_metal_star, minmay_temple_entry_proselytizer
Temple:   compressed_dpeg_triangle_lava_temple

Skill      XL: |  1  2  3  4  5  6  7 |
---------------+----------------------+-----
Axes           | 4 5 7 8 9 10 | 10.1
Fighting       | |  3.6
Dodging        | |  3.2
Stealth        | |  1.5

Action                   |  1- 3 |  4- 6 |  7- 9 || total
-------------------------+-------+-------+-------++-------
Melee: Hand axe          |    66 |   165 |    13 ||   244
       Headbutt          |    11 |    26 |     5 ||    42
Evoke: Wand              |       |     2 |       ||     2
  Use: Potion            |       |     2 |     2 ||     4
 Stab: Sleeping          |     3 |       |       ||     3
Armor: Robe              |     7 |       |       ||     7
       Ring mail         |     5 |    28 |       ||    33
       Scale mail        |       |    12 |     2 ||    14
Dodge: Dodged            |    42 |    97 |    10 ||   149

Table legend: (Time is in decaauts)
 A = Elapsed time spent in this place.
 B = Non-inter-level travel time spent in this place.
 C = Inter-level travel time spent in this place.
 D = Time resting spent in this place.
 E = Time spent auto-exploring this place.
 F = Levels seen in this place.
 G = Mean time per level.
                   A        B        C        D        E       F      G
               +--------+--------+--------+--------+--------+-----+--------+
         Total |   4628 |   4509 |    119 |   1020 |   2934 |   5 |  925.6 |
       Dungeon |   4436 |   4328 |    108 |   1020 |   2767 |   4 | 1109.0 |
        Temple |    191 |    180 |     11 |      0 |    167 |   1 |  191.0 |
               +--------+--------+--------+--------+--------+-----+--------+

Top non-repeatable levels by time:
     D:1: 1482 daAuts
     D:3: 1175 daAuts
     D:4: 926 daAuts
     D:2: 850 daAuts
  Temple: 191 daAuts
